 Dungeon Crawl Stone Soup version 0.28-a0-1518-gbe868bca14 (webtiles) character file.

Game seed: 3603109344285543967

3625 buddhastalin the Cleaver (level 9, -1/82 HPs)
             Began as a Red Draconian Berserker on Jan 16, 2022.
             Was an Elder of Trog.
             Slain by a wyvern (13 damage)
             ... on level 8 of the Dungeon.
             The game lasted 00:21:02 (10652 turns).

buddhastalin the Cleaver (Red Draconian Berserker) Turns: 10652, Time: 00:21:03

Health: -1/82      AC:  9    Str: 20    XL:     9   Next: 87%
Magic:  9/9        EV: 14    Int: 11    God:    Trog [****..]
Gold:   544        SH:  0    Dex: 11    Spells: 8/8 levels left

rFire   + . .      SeeInvis .   a - +4 hand axe
rCold   . . .      Faith    +   (no shield)
rNeg    . . .      Spirit   .   (armour unavailable)
rPois   .          Reflect  .   (helmet restricted)
rElec   .          Harm     .   q - +0 cloak
rCorr   .          Rampage  .   (no gloves)
Will    ++...                   f - +0 pair of boots
Stlth   +.........              w - amulet of faith
HPRegen 1.23/turn               (no ring)
MPRegen 0.11/turn               (no ring)

@: strong-willed, regenerating
A: breathe fire, AC +7, unfitting armour, fire resistance 1, cold-blooded
a: Breathe Fire, Renounce Religion, Berserk, Trog's Hand, Brothers in Arms


You were on level 8 of the Dungeon.
You worshipped Trog.
Trog was greatly pleased with you.
You visited 1 branch of the dungeon, and saw 8 of its levels.
You also visited: Bailey.

You collected 544 gold pieces.

Inventory:

Hand Weapons
 a - a +4 hand axe (weapon)
Missiles
 A - 14 poisoned darts
 B - 13 boomerangs (quivered)
 E - 2 throwing nets
Armour
 f - a +0 pair of boots (worn)
 q - a +0 cloak (worn)
Jewellery
 w - an amulet of faith (around neck)
 C - a ring of flight
Wands
 n - a wand of digging (8)
 s - a wand of polymorph (22)
 y - a wand of flame (13)
 z - a wand of acid (9)
Scrolls
 c - a scroll of enchant weapon
 e - 3 scrolls of teleportation
 i - 4 scrolls of identify
 m - 2 scrolls of magic mapping
 o - 2 scrolls of vulnerability {unknown}
 p - a scroll of amnesia {unknown}
 r - 3 scrolls of blinking {unknown}
 t - a scroll of fear {unknown}
 x - 2 scrolls of enchant armour {unknown}
Potions
 b - a potion of mutation
 d - a potion of berserk rage
 g - a potion of attraction
 h - 2 potions of heal wounds
 j - 4 potions of flight
 k - 3 potions of curing
 l - a potion of cancellation
 u - 2 potions of haste {unknown}
 v - 2 potions of invisibility
Miscellaneous
 D - a lightning rod (4/4)


   Skills:
 + Level 8.4 Fighting
 * Level 10.5 Axes
 + Level 7.0 Dodging


You had 8 spell levels left.
You didn't know any spells.
Your spell library was empty.

Dungeon Overview and Level Annotations

Branches:
Dungeon (8/15)             Temple (0/1) D:6          Bailey (visited)
   Lair: D:8-11

Altars:
Ashenzari
Cheibriados
Gozag
Okawaru
Ru

Shops:
D:4 [

Annotations:
D:8 Psyche


Innate Abilities, Weirdness & Mutations

You can breathe blasts of fire.
Your fiery red scales are hard. (AC +7)
You cannot fit into any form of body armour.
Your flesh is heat resistant. (rF+)
You are cold-blooded and may be slowed by cold attacks.


Message History

You release spores at something!
You're too terrified to move while being watched!
The wyvern bites you!
Something laughs crazily.
The wyvern barely misses you.
Your magical effects are unravelling.
You feel magically purged.
You stop sporulating.
Your +4 hand axe unmelds from your body.
Your +0 cloak unmelds from your body.
Your +0 pair of boots unmelds from your body.
The wyvern bites you. The wyvern closely misses you.
You hit the wyvern.
The wyvern is lightly wounded.
The wyvern barely misses you.
The wyvern bites you but does no damage.
You closely miss the wyvern. You tail-slap the wyvern.
The wyvern is lightly wounded.
The wyvern bites you!
Something misses the wyvern.
You hit the wyvern.
The wyvern is moderately wounded.
The wyvern bites you!
You barely miss the wyvern.
The wyvern is moderately wounded.
The wyvern bites you!
* * * LOW HITPOINT WARNING * * *
An orc comes into view. It is wielding a +0 flail.
Something hits the wyvern.
Your skin crawls.
You feel strong-willed. The wyvern bites you.
* * * LOW HITPOINT WARNING * * *
The wyvern bites you.
* * * LOW HITPOINT WARNING * * *
Your two-headed ogre goes berserk!
Trog will no longer gift you weapons. The wyvern bites you.
* * * LOW HITPOINT WARNING * * *
Something hits the orc.
The orc seems to grow stronger.
The wyvern bites you!
You die...

****,,....)..* *,*,*
,,,,,,.......* *,*,*
****,,.......#######.#,*
*,,...............#,*
*,,.......o..######.#
***#######..{.......#
#.#o######## #.#l###
##.#O@.#
##...##.#########
#####.#.............#
#..|.....##.#######.#
#.#####.###.# #.# #.#
#.# #.# #.# #.# #.#
#.#######.#
#.#####.###.##..>...#
#.##........##..#####


You could see a wyvern (ally target), 2 orcs and a friendly two-headed ogre
(summoned, berserk).

Vanquished Creatures
  An orc knight (Bailey)
  A cyclops (D:8)
  A water moccasin (D:5)
  7 orc warriors (Bailey)
  2 hornet zombies (D:7)
  An ogre (D:5)
  A necrophage (D:7)
  A phantom (D:6)
  2 kobold brigands (D:8)
  A scorpion (D:7)
  A wyvern zombie (D:6)
  4 killer bees (D:7)
  6 wights
  A howler monkey (D:6)
  A jelly (D:6)
  2 centaur zombies (D:7)
  2 orc priests (D:5)
  A bullfrog zombie (D:7)
  A bullfrog skeleton (D:5)
  A centaur skeleton (D:6)
  6 iguanas
  5 orc wizards
  Ijyb (D:3)
  3 killer bee zombies
  Robin (D:2)
  5 gnolls
  8 adders
  A howler monkey skeleton (D:4)
  A shadow imp (D:7)
  2 ufetubi (D:5)
  2 worms (D:2)
  23 orcs
  6 ball pythons
  6 bats
  7 endoplasms
  5 giant cockroaches
  26 goblins
  15 hobgoblins
  4 jackals (D:2)
  2 quokkas (D:1)
  3 frilled lizards
  25 kobolds
  2 rats
197 creatures vanquished.

Vanquished Creatures (others)
  An orc (D:8)
1 creature vanquished.

Grand Total: 198 creatures vanquished

Notes
Turn   | Place    | Note
-------+----------+-------------------------------------------
     0 | D:1      | buddhastalin the Draconian Berserker began the quest for
                  | the Orb.
     0 | D:1      | Reached XP level 1. HP: 19/19 MP: 1/1
   174 | D:1      | Reached XP level 2. HP: 19/26 MP: 2/2
   587 | D:1      | Found a faded altar of an unknown god.
  1087 | D:2      | Noticed Robin
  1110 | D:2      | Reached ** piety under Trog
  1112 | D:2      | Reached XP level 3. HP: 32/33 MP: 3/3
  1159 | D:2      | Killed Robin
  1327 | D:2      | Reached skill level 4 in Axes
  1337 | D:2      | Reached XP level 4. HP: 34/40 MP: 4/4
  2459 | D:3      | Reached XP level 5. HP: 41/46 MP: 5/5
  2595 | D:3      | Reached *** piety under Trog
  2757 | D:3      | Noticed Ijyb
  2783 | D:3      | Killed Ijyb
  2997 | D:3      | Reached skill level 5 in Axes
  3442 | D:4      | Found Quug's Armour Boutique.
  3458 | D:4      | Reached XP level 6. HP: 37/53 MP: 6/6
  3975 | D:4      | Found a sacrificial altar of Ru.
  4297 | D:5      | Entered Level 5 of the Dungeon
  4491 | D:5      | Reached skill level 5 in Fighting
  4817 | D:5      | Noticed a water moccasin
  4825 | D:5      | Killed a water moccasin
  4826 | D:5      | Reached skill level 6 in Axes
  4826 | D:5      | Your scales start taking on a fiery red colour.
  4826 | D:5      | Reached XP level 7. HP: 61/61 MP: 7/7
  4826 | D:5      | Gained mutation: Your flesh is heat resistant. (rF+) [Red
                  | Draconian growth]
  5931 | D:5      | Reached **** piety under Trog
  6250 | D:5      | Found a broken altar of Ashenzari.
  6434 | D:6      | Found a staircase to the Ecumenical Temple.
  6597 | D:6      | Reached skill level 7 in Axes
  7045 | D:6      | Reached skill level 5 in Dodging
  7045 | D:6      | Reached XP level 8. HP: 70/70 MP: 8/8
  7189 | D:6      | Found a snail-covered altar of Cheibriados.
  8086 | D:7      | Reached skill level 8 in Axes
  8317 | D:7      | Found a large runed translucent door.
  8318 | D:7      | Found a large runed translucent door.
  9156 | D:7      | Reached XP level 9. HP: 75/78 MP: 9/9
  9159 | D:7      | Found an iron altar of Okawaru.
  9169 | D:7      | Found an opulent altar of Gozag.
  9211 | D:8      | Noticed a cyclops
  9221 | D:8      | Killed a cyclops
  9222 | D:8      | Reached skill level 9 in Axes
  9362 | D:8      | Found a flagged portal.
  9418 | Bailey   | Entered a bailey
  9426 | Bailey   | Noticed an orc knight
  9456 | Bailey   | Reached ***** piety under Trog
  9656 | Bailey   | Reached skill level 10 in Axes
  9953 | Bailey   | Killed an orc knight
 10629 | D:8      | Noticed Psyche
 10652 | D:8      | Slain by a wyvern

Illustrated notes

Levels and vault maps discovered:
D:1:      heliophobic_arrival_ceremonial_halls, layout_basic,
          shapermc_ecumenical_altar_hornbeckon
D:2:      layout_loops_ring, corexii_leaking_fountain,
          minmay_misc_feat_four_crosses, uniq_robin
D:3:      cheibrodos_greedy_goblins, layout_basic, uniq_ijyb
D:4:      layout_basic, lemuel_tele_altar, serial_shops, nicolae_diamond_shop
D:5:      layout_basic, nicolae_overflow_hidden_temple
D:6:      layout_basic, kennysheep_mini, minmay_temple_entry_junction
D:7:      layout_rooms, jmf_multi_god_temple2
D:8:      layout_loops_ring, enter_bailey_2, uniq_psyche

Skill      XL: |  1  2  3  4  5  6  7  8  9 |
---------------+----------------------------+-----
Dodging        | 3 4 5 6 7 |  7.0
Axes           | 4 5 6 7 8 10 | 10.5
Fighting       | 4 5 6 7 8 |  8.4

Action                   |  1- 3 |  4- 6 |  7- 9 || total
-------------------------+-------+-------+-------++-------
Melee: Hand axe          |    87 |   268 |   466 ||   821
       Tailslap          |     7 |    34 |    63 ||   104
       Punch             |     2 |     3 |     6 ||    11
       Unarmed           |       |       |     1 ||     1
Throw: Boomerang         |       |       |    16 ||    16
Invok: Berserk           |     1 |     3 |     9 ||    13
       Trog's Hand       |       |       |     2 ||     2
       Brothers in Arms  |       |       |     1 ||     1
 Abil: Breathe Fire      |       |       |     5 ||     5
  Use: Scroll            |       |     6 |     5 ||    11
       Potion            |       |       |     1 ||     1
 Stab: Sleeping          |       |     1 |       ||     1
Armor: Skin              |    42 |    87 |   131 ||   260
Dodge: Dodged            |    48 |   136 |   223 ||   407

Table legend: (Time is in decaauts)
 A = Elapsed time spent in this place.
 B = Non-inter-level travel time spent in this place.
 C = Inter-level travel time spent in this place.
 D = Time resting spent in this place.
 E = Time spent auto-exploring this place.
 F = Levels seen in this place.
 G = Mean time per level.
                   A        B        C        D        E       F      G
               +--------+--------+--------+--------+--------+-----+--------+
         Total |  10745 |  10559 |    186 |   4237 |   4562 |   9 | 1193.9 |
       Dungeon |   9661 |   9475 |    186 |   3576 |   4458 |   8 | 1207.6 |
        Bailey |   1083 |   1083 |      0 |    660 |    104 |   1 | 1083.0 |
               +--------+--------+--------+--------+--------+-----+--------+

Top non-repeatable levels by time:
     D:5: 1999 daAuts
     D:7: 1597 daAuts
     D:2: 1379 daAuts
     D:6: 1342 daAuts
  Bailey: 1083 daAuts
     D:1: 1064 daAuts
     D:3: 1027 daAuts
     D:4: 870 daAuts
     D:8: 380 daAuts
